[Event "Lidkoping Open 2019"]
[Site "Lidkoping"]
[Date "2019.08.25"]
[Round "6.15"]
[White "Bengtsson, Siv"]
[Black "Olofsson, Hans-Erik"]
[Result "1/2-1/2"]
[ECO "B07"]
[WhiteElo "2074"]
[BlackElo "1898"]
[Annotator "NA"]
[PlyCount "106"]
[EventDate "2019.08.19"]
[EventType "swiss"]
[EventCountry "SWE"]
[SourceTitle "playchess.com"]
[Source "ChessBase"]
[SourceQuality "1"]
[TimeControl "2700+10"]

1. e4 d6 2. d4 Nf6 3. Nc3 c6 4. Bg5 Nbd7 5. Nge2 e5 6. Qd2 b5 7. Ng3 exd4 8. Qxd4 Qb6 9. Qxb6 axb6 10. f3 h6 11. Be3 Nc5 12. Nce2 Bd7 13. Nd4 g6 14. Kf2 Kd8 15. Be2 Kc7 16. Rhd1 Be7 17. a3 h5 18. c4 h4 19. Nf1 bxc4 20. Bxc4 Rh7 21. Rac1 Kb7 22. Rc2 b5 23. Be2 Ne6 24. Rcd2 Ne8 25. h3 N8c7 26. f4 Nc5 27. Bf3 N7e6 28. b4 Nxd4 29. bxc5 dxc5 30. Bxd4 cxd4 31. Rd3 Bc5 32. Rc1 Bb6 33. Nd2 Ra4 34. Ke2 f5 35. e5 Kc7 36. Rb3 c5 37. Bd5 c4 38. e6 Re7 39. Kf1 Bc6 40. Bxc6 Kxc6 41. Nf3 Rxe6 42. Ne5+ Kb7 43. Rxb5 Rxa3 44. Rxc4 d3 45. Ke1 Rd6 46. Rcb4 Ra1+ 47. Rb1 d2+ 48. Kd1 Rxb1+ 49. Rxb1 Kc7 50. Nc4 Rc6 51. Nxb6 Rxb6 52. Rxb6 Kxb6 53. Kxd2 Kc5 1/2-1/2

[Event "Lidkoping Open 2019"]
[Site "Lidkoping"]
[Date "2019.08.25"]
[Round "6.16"]
[White "Karlsson, Roger"]
[Black "Olsson, Bo"]
[Result "0-1"]
[ECO "C55"]
[WhiteElo "1892"]
[BlackElo "1984"]
[Annotator "NA"]
[PlyCount "66"]
[EventDate "2019.08.19"]
[EventType "swiss"]
[EventCountry "SWE"]
[SourceTitle "playchess.com"]
[Source "ChessBase"]
[SourceQuality "1"]
[TimeControl "2700+10"]

1. e4 Nf6 2. Nc3 e5 3. Nf3 Nc6 4. Bc4 Nxe4 5. Bxf7+ Kxf7 6. Nxe4 d5 7. Neg5+ Kg8 8. d4 h6 9. Nh3 Bg4 10. dxe5 Nxe5 11. Nhg1 c6 12. h3 Bxf3 13. Nxf3 Qf6 14. O-O Nxf3+ 15. Qxf3 Qxf3 16. gxf3 Bd6 17. Re1 Kf7 18. Kg2 Rhe8 19. Bd2 h5 20. h4 Rxe1 21. Rxe1 Re8 22. Rxe8 Kxe8 23. f4 Kf7 24. Kf3 Ke6 25. c3 Kf5 26. Be3 a6 27. b4 Be7 28. Kg3 Bf6 29. Bd2 Ke4 30. Be1 Kd3 31. f3 Bxc3 32. Bf2 Bxb4 33. f5 Bd6+ 0-1

[Event "Lidkoping Open 2019"]
[Site "Lidkoping"]
[Date "2019.08.25"]
[Round "6.17"]
[White "Andersson, Kjell-Ake"]
[Black "Svedberg, Hans"]
[Result "1-0"]
[ECO "A35"]
[WhiteElo "1922"]
[BlackElo "2008"]
[Annotator "NA"]
[PlyCount "107"]
[EventDate "2019.08.19"]
[EventType "swiss"]
[EventCountry "SWE"]
[SourceTitle "playchess.com"]
[Source "ChessBase"]
[SourceQuality "1"]
[TimeControl "2700+10"]

1. Nf3 c5 2. c4 Nc6 3. Nc3 e5 4. d3 g6 5. g3 Bg7 6. Rb1 Nge7 7. Ne4 d6 8. Bg5 f5 9. Nf6+ Kf7 10. Nd5 h6 11. Bd2 Be6 12. e4 Qd7 13. Bg2 Rac8 14. O-O Kg8 15. Ne1 Kh7 16. b4 b6 17. b5 Nd4 18. a4 Rhf8 19. a5 Rb8 20. axb6 axb6 21. Ra1 Bxd5 22. exd5 Ra8 23. Bc3 e4 24. Rxa8 Rxa8 25. dxe4 Ra2 26. Bd2 Qa7 27. Nd3 Qa3 28. Bf4 Ne2+ 29. Kh1 Nxf4 30. Nxf4 Ra1 31. Qe2 Ra2 32. Qd3 Qb2 33. exf5 Nxf5 34. Bh3 Ra1 35. Rxa1 Qxa1+ 36. Kg2 Qe5 37. Bxf5 gxf5 38. Ne6 Bf6 39. g4 Qe4+ 40. Qxe4 fxe4 41. Kg3 Be5+ 42. Kg2 Kg6 43. Nf8+ Kg5 44. Nd7 Kf4 45. Nxb6 Bc3 46. h3 Ke5 47. Nd7+ Kd4 48. b6 Ba5 49. b7 Bc7 50. Nb6 Kd3 51. h4 Kc3 52. g5 hxg5 53. hxg5 Kb4 54. g6 1-0

[Event "Lidkoping Open 2019"]
[Site "Lidkoping"]
[Date "2019.08.25"]
[Round "6.18"]
[White "Nordlund, Keith"]
[Black "Frisk, Anders"]
[Result "1/2-1/2"]
[ECO "B03"]
[WhiteElo "2013"]
[BlackElo "1776"]
[Annotator "NA"]
[PlyCount "88"]
[EventDate "2019.08.19"]
[EventType "swiss"]
[EventCountry "SWE"]
[SourceTitle "playchess.com"]
[Source "ChessBase"]
[SourceQuality "1"]
[TimeControl "2700+10"]

1. e4 Nf6 2. e5 Nd5 3. d4 d6 4. exd6 exd6 5. Nf3 Be7 6. c4 Nb6 7. h3 Bf5 8. Bd3 Bxd3 9. Qxd3 O-O 10. O-O Bf6 11. Nc3 Nc6 12. Ne4 h6 13. Nxf6+ Qxf6 14. Be3 Rfe8 15. a3 a5 16. b3 d5 17. Rab1 Qe7 18. c5 Nd7 19. Rfc1 Qe4 20. Qxe4 Rxe4 21. b4 axb4 22. axb4 Nf6 23. b5 Na5 24. Ne5 Nc4 25. Nxc4 dxc4 26. Rxc4 Nd5 27. Rb3 Rae8 28. Ra4 b6 29. Ra7 f5 30. cxb6 cxb6 31. Rd7 Nxe3 32. fxe3 Rxe3 33. Rxe3 Rxe3 34. Rd6 Rd3 35. Kf2 Rd2+ 36. Kf3 Kf7 37. Rxb6 Rxd4 38. Rb7+ Kg6 39. b6 Rb4 40. Ke3 Rb2 41. Kf3 Kf6 42. Rb8 Rb3+ 43. Kf2 Rb2+ 44. Kf3 Rb3+ {[%emt 0:00:54] Ke4 Ke5+} 1/2-1/2

[Event "Lidkoping Open 2019"]
[Site "Lidkoping"]
[Date "2019.08.25"]
[Round "6.19"]
[White "Wiklund, Robert"]
[Black "Arvidsson, Jonas"]
[Result "1-0"]
[ECO "C77"]
[WhiteElo "1785"]
[BlackElo "1993"]
[Annotator "NA"]
[PlyCount "93"]
[EventDate "2019.08.19"]
[EventType "swiss"]
[EventCountry "SWE"]
[SourceTitle "playchess.com"]
[Source "ChessBase"]
[SourceQuality "1"]
[TimeControl "2700+10"]

1. e4 e5 2. Nf3 Nc6 3. Bb5 a6 4. Ba4 Nf6 5. d4 b5 6. Bb3 Nxd4 7. Nxd4 exd4 8. e5 Ng8 9. Qf3 Qe7 10. Qxa8 Qxe5+ 11. Kd1 Kd8 12. Re1 Qxh2 13. Bxf7 Nf6 14. Bg5 Be7 15. Bxf6 Bxf6 16. Qe4 c6 17. Nd2 d5 18. Qf3 h5 19. Qg3 Bg4+ 20. Nf3 Qxg3 21. fxg3 d3 22. cxd3 Bxb2 23. Rb1 Bc3 24. Re3 Rf8 25. Be6 Re8 26. Kc2 d4 27. Ng5 dxe3 28. Bxg4 b4 29. Bxh5 g6 30. Be2 Ke7 31. Ne4 Rf8 32. Nxc3 bxc3 33. Kxc3 Rf2 34. Bf3 Rxa2 35. Kd4 e2 36. Re1 Kd6 37. Rxe2 Ra4+ 38. Kc3 c5 39. Rb2 Ra3+ 40. Kc4 Ra4+ 41. Kb3 Rb4+ 42. Kc3 a5 43. Rxb4 axb4+ 44. Kc4 g5 45. d4 cxd4 46. Kxd4 b3 47. Kc3 1-0

[Event "Lidkoping Open 2019"]
[Site "Lidkoping"]
[Date "2019.08.25"]
[Round "6.20"]
[White "Beslagic, Smail"]
[Black "Wiman, Kenneth"]
[Result "1-0"]
[ECO "A40"]
[WhiteElo "1853"]
[BlackElo "1868"]
[Annotator "NA"]
[PlyCount "99"]
[EventDate "2019.08.19"]
[EventType "swiss"]
[EventCountry "SWE"]
[SourceTitle "playchess.com"]
[Source "ChessBase"]
[SourceQuality "1"]
[TimeControl "2700+10"]

1. d4 g6 2. Bf4 Bg7 3. Nf3 c5 4. e3 Qb6 5. Qc1 Nc6 6. c3 Nf6 7. Nbd2 d5 8. Be2 O-O 9. O-O Bf5 10. h3 cxd4 11. exd4 Rac8 12. Be3 Qd8 13. Nh4 Bd7 14. Qe1 e5 15. dxe5 Nxe5 16. Nhf3 Nc6 17. Nb3 Ne4 18. Rd1 Be6 19. Bd3 Qc7 20. Nfd4 Bd7 21. Nb5 Qd8 22. Bxe4 dxe4 23. Nc5 Ne5 24. Nxe4 a6 25. Nbd6 Rb8 26. f4 Nc6 27. Qf2 Qe7 28. Bc5 Qe6 29. a3 b6 30. Bxb6 Rxb6 31. Qxb6 Rb8 32. Qf2 Bf8 33. f5 gxf5 34. Nc5 Qe7 35. Rfe1 Be6 36. Ndb7 Rxb7 37. Nxb7 Qxb7 38. b4 Bg7 39. Qf3 Qb6+ 40. Kh1 Ne5 41. Qa8+ Bf8 42. Rxe5 Kg7 43. Ree1 Be7 44. Qf3 Bf6 45. Qg3+ Kf8 46. Qd6+ Qxd6 47. Rxd6 Bxc3 48. Rexe6 fxe6 49. Rxe6 Bb2 50. Rxa6 1-0

[Event "Lidkoping Open 2019"]
[Site "Lidkoping"]
[Date "2019.08.25"]
[Round "6.21"]
[White "Bermann, Martin"]
[Black "Alfven, Jorgen"]
[Result "1/2-1/2"]
[ECO "B92"]
[WhiteElo "1889"]
[BlackElo "1871"]
[Annotator "NA"]
[PlyCount "82"]
[EventDate "2019.08.19"]
[EventType "swiss"]
[EventCountry "SWE"]
[SourceTitle "playchess.com"]
[Source "ChessBase"]
[SourceQuality "1"]
[TimeControl "2700+10"]

1. e4 c5 2. Nf3 d6 3. d4 cxd4 4. Nxd4 Nf6 5. Nc3 a6 6. Be2 e5 7. Nb3 Be6 8. O-O Be7 9. Be3 Nbd7 10. f4 Qc7 11. f5 Bc4 12. Nd2 Bxe2 13. Qxe2 b5 14. a3 Rc8 15. Rac1 Nb6 16. h3 d5 17. exd5 Nbxd5 18. Nxd5 Nxd5 19. Kh1 O-O 20. Ne4 Nf6 21. Nd2 Rfd8 22. Bg5 h6 23. Bxf6 Bxf6 24. Ne4 Qe7 25. c3 Rd5 26. Qf3 Rcd8 27. Rcd1 Rxd1 28. Rxd1 Bg5 29. Qe2 Qc7 30. Qg4 Rxd1+ 31. Qxd1 Qc4 32. Qe1 Bf4 33. f6 g6 34. Qb1 Qe2 35. Kg1 Qe3+ 36. Kh1 Qc1+ 37. Qxc1 Bxc1 38. Nc5 Bxb2 39. Nxa6 Bxa3 40. Nc7 Bb2 41. Nxb5 Bc1 1/2-1/2

[Event "Lidkoping Open 2019"]
[Site "Lidkoping"]
[Date "2019.08.25"]
[Round "6.23"]
[White "Pavlic, Oliver"]
[Black "Isacsson, Jorgen"]
[Result "1-0"]
[ECO "E95"]
[WhiteElo "1856"]
[BlackElo "1731"]
[Annotator "NA"]
[PlyCount "67"]
[EventDate "2019.08.19"]
[EventType "swiss"]
[EventCountry "SWE"]
[SourceTitle "playchess.com"]
[Source "ChessBase"]
[SourceQuality "1"]
[TimeControl "2700+10"]

1. d4 Nf6 2. c4 g6 3. Nc3 Bg7 4. e4 d6 5. Nf3 O-O 6. Be2 c6 7. O-O Nbd7 8. Re1 e5 9. Bf1 Qe7 10. Rb1 h6 11. b4 Nh5 12. Qd2 g5 13. h3 Nf4 14. Ba3 Rd8 15. b5 h5 16. g3 g4 17. gxf4 gxf3 18. fxe5 Qh4 19. exd6 Nf8 20. Qe3 Bxh3 21. Qxf3 Qg5+ 22. Bg2 Bg4 23. Qe3 Qh4 24. e5 Kh8 25. bxc6 bxc6 26. Qg3 Qg5 27. f3 Qd2 28. fxg4 Qxd4+ 29. Kh1 hxg4 30. Re4 Qd2 31. Rxg4 Ng6 32. Qh2+ Kg8 33. Rxg6 fxg6 34. Bd5+ 1-0

[Event "Lidkoping Open 2019"]
[Site "Lidkoping"]
[Date "2019.08.25"]
[Round "7.1"]
[White "Ernst, Thomas"]
[Black "Nygren, Kim"]
[Result "0-1"]
[ECO "B33"]
[WhiteElo "2329"]
[BlackElo "2171"]
[Annotator "ChessBase"]
[PlyCount "76"]
[EventDate "2019.08.19"]
[EventType "swiss"]
[EventCountry "SWE"]
[SourceTitle "playchess.com"]
[Source "ChessBase"]
[SourceQuality "1"]
[TimeControl "2700+10"]

1. e4 c5 2. Nf3 Nc6 3. d4 cxd4 4. Nxd4 Nf6 5. Nc3 e5 6. Ndb5 d6 7. Bg5 a6 8. Na3 b5 9. Bxf6 gxf6 10. Nd5 Bg7 11. Bd3 Ne7 12. Nxe7 Qxe7 13. c4 f5 14. O-O Bb7 15. Qf3 f4 16. cxb5 axb5 17. Nxb5 O-O 18. Nc3 f5 19. Bc4+ Kh8 20. Bd5 fxe4 21. Qxe4 Rab8 22. Rad1 Ba6 23. Bb3 Rxb3 24. axb3 f3 25. gxf3 Bb7 26. Nd5 Qd8 27. Qb4 Qd7 28. Rd3 Bh6 29. Qh4 Rg8+ 30. Kh1 Bg5 31. Qh5 Qf5 32. Rfd1 e4 33. Ne3 Qc5 34. Rxd6 Bxe3 35. Qxc5 Bxc5 36. Rd7 e3 37. Rxb7 exf2 38. Rbd7 Rg1+ 0-1

[Event "Lidkoping Open 2019"]
[Site "Lidkoping"]
[Date "2019.08.25"]
[Round "7.2"]
[White "Bellon Lopez, Juan Manuel"]
[Black "Svensson, Bengt"]
[Result "1/2-1/2"]
[ECO "D02"]
[WhiteElo "2335"]
[BlackElo "2310"]
[Annotator "ChessBase"]
[PlyCount "48"]
[EventDate "2019.08.19"]
[EventType "swiss"]
[EventCountry "SWE"]
[SourceTitle "playchess.com"]
[Source "ChessBase"]
[SourceQuality "1"]
[TimeControl "2700+10"]

1. Nf3 c5 2. e3 Nc6 3. d4 d5 4. b3 Bg4 5. Bb2 Nf6 6. h3 Bxf3 7. Qxf3 e6 8. Nd2 cxd4 9. exd4 Qa5 10. a3 Ne4 11. Qd3 Nxd2 12. Qxd2 Qb6 13. Be2 Be7 14. O-O O-O 15. Rfd1 Rac8 16. a4 a6 17. a5 Qc7 18. Ra4 Rfd8 19. g3 Bf6 20. Ba3 Be7 21. Bb2 Bf6 22. Ba3 Be7 23. Bb2 Bf6 24. f4 Ne7 1/2-1/2

[Event "Lidkoping Open 2019"]
[Site "Lidkoping"]
[Date "2019.08.25"]
[Round "7.3"]
[White "Mardell, Jonas"]
[Black "Blomqvist, Erik"]
[Result "0-1"]
[ECO "B22"]
[WhiteElo "2059"]
[BlackElo "2507"]
[Annotator "ChessBase"]
[PlyCount "92"]
[EventDate "2019.08.19"]
[EventType "swiss"]
[EventCountry "SWE"]
[SourceTitle "playchess.com"]
[Source "ChessBase"]
[SourceQuality "1"]
[TimeControl "2700+10"]

1. e4 c5 2. c3 Nf6 3. e5 Nd5 4. d4 cxd4 5. Qxd4 e6 6. Bc4 Nc6 7. Qe4 d6 8. Nf3 dxe5 9. Nxe5 Nf6 10. Nxc6 Nxe4 11. Nxd8 Kxd8 12. Be3 Bc5 13. Bxc5 Nxc5 14. Nd2 Bd7 15. Nf3 Ke7 16. O-O Rhc8 17. Ne5 Be8 18. Bb3 f6 19. Ng4 Bg6 20. Rfe1 b5 21. Rad1 Nxb3 22. axb3 Bc2 23. Rd5 b4 24. Rb5 bxc3 25. bxc3 Rxc3 26. Rb7+ Kf8 27. b4 Bb3 28. h3 Bd5 29. Rd7 Rb3 30. Ne3 Bc6 31. Rc7 Bb5 32. Nc2 e5 33. Ne3 Bd3 34. Nd5 Rd8 35. Ne7 a6 36. Nc6 Re8 37. Kh2 h5 38. Ra1 Rc3 39. Rd7 Bb5 40. Rc7 Rxc6 41. Rxc6 Bxc6 42. Rxa6 Bd5 43. Ra5 Bc4 44. Rc5 Bd3 45. f3 Rb8 46. Rd5 Bc4 0-1

[Event "Lidkoping Open 2019"]
[Site "Lidkoping"]
[Date "2019.08.25"]
[Round "7.4"]
[White "Andersson, Fredrik"]
[Black "Johnson, Daniel"]
[Result "1/2-1/2"]
[ECO "B43"]
[WhiteElo "2264"]
[BlackElo "2201"]
[Annotator "NA"]
[PlyCount "78"]
[EventDate "2019.08.19"]
[EventType "swiss"]
[EventCountry "SWE"]
[SourceTitle "playchess.com"]
[Source "ChessBase"]
[SourceQuality "1"]
[TimeControl "2700+10"]

1. e4 c5 2. Nc3 e6 3. Nf3 a6 4. d4 cxd4 5. Nxd4 Qc7 6. Bd3 Nc6 7. Nxc6 dxc6 8. O-O e5 9. f4 Bc5+ 10. Kh1 b5 11. fxe5 Ne7 12. Qh5 Be6 13. a4 O-O 14. Ne2 Ng6 15. Bf4 Rab8 16. axb5 axb5 17. Bg3 Ra8 18. Nf4 Nxf4 19. Bxf4 Qb7 20. h3 Rxa1 21. Rxa1 Ra8 22. Qd1 Qc8 23. Be2 h6 24. Kh2 Rb8 25. Bg3 Qc7 26. Bg4 Rd8 27. Qf3 Qc8 28. Bxe6 Qxe6 29. Rd1 Rxd1 30. Qxd1 Qc4 31. Qd3 Qxd3 32. cxd3 Bd4 33. b3 Kf8 34. Bf4 Ke7 35. Kg3 Ke6 36. Kf3 Bxe5 37. Be3 h5 38. g4 hxg4+ 39. hxg4 g6 1/2-1/2

[Event "Lidkoping Open 2019"]
[Site "Lidkoping"]
[Date "2019.08.25"]
[Round "7.5"]
[White "Friberg, Hans"]
[Black "Carlstrom, Niklas"]
[Result "1/2-1/2"]
[ECO "A55"]
[WhiteElo "2129"]
[BlackElo "2095"]
[Annotator "ChessBase"]
[PlyCount "32"]
[EventDate "2019.08.19"]
[EventType "swiss"]
[EventCountry "SWE"]
[SourceTitle "playchess.com"]
[Source "ChessBase"]
[SourceQuality "1"]
[TimeControl "2700+10"]

1. Nf3 d6 2. d4 Nf6 3. c4 Nbd7 4. Nc3 e5 5. g3 Be7 6. Bg2 O-O 7. O-O c6 8. e4 Qc7 9. b3 Re8 10. Bb2 a6 11. Rc1 Bf8 12. Re1 b6 13. d5 c5 14. Bh3 Rb8 15. a4 g6 16. Qd2 Bg7 1/2-1/2

[Event "Lidkoping Open 2019"]
[Site "Lidkoping"]
[Date "2019.08.25"]
[Round "7.6"]
[White "Olsson, Bo"]
[Black "Winsnes, Rikard"]
[Result "1/2-1/2"]
[ECO "A34"]
[WhiteElo "1984"]
[BlackElo "2375"]
[Annotator "ChessBase"]
[PlyCount "79"]
[EventDate "2019.08.19"]
[EventType "swiss"]
[EventCountry "SWE"]
[SourceTitle "playchess.com"]
[Source "ChessBase"]
[SourceQuality "1"]
[TimeControl "2700+10"]

1. Nf3 Nf6 2. c4 c5 3. Nc3 d5 4. cxd5 Nxd5 5. e3 Nc6 6. Bb5 Nxc3 7. bxc3 Bd7 8. O-O a6 9. Be2 e6 10. d4 Be7 11. Ba3 cxd4 12. Bxe7 Qxe7 13. cxd4 O-O 14. Qd2 Rfd8 15. Rfd1 Be8 16. Qb2 b5 17. Rac1 b4 18. e4 a5 19. Bb5 Ne5 20. Nxe5 Bxb5 21. Nc6 Bxc6 22. Rxc6 Qd7 23. Rc4 Rac8 24. Rxc8 Rxc8 25. h3 h6 26. d5 exd5 27. exd5 Qd6 28. Qd4 Rc5 29. g3 Rb5 30. Qe4 Rb8 31. Rc1 Rd8 32. Rd1 a4 33. Rb1 Rb8 34. Qc4 g6 35. Kg2 Kh7 36. Qc6 Qxc6 37. dxc6 b3 38. axb3 axb3 39. c7 Rc8 40. Rxb3 1/2-1/2

[Event "Lidkoping Open 2019"]
[Site "Lidkoping"]
[Date "2019.08.25"]
[Round "7.7"]
[White "Ronneland, Daniel"]
[Black "Nordlund, Jim"]
[Result "1-0"]
[ECO "A55"]
[WhiteElo "2137"]
[BlackElo "2130"]
[Annotator "NA"]
[PlyCount "64"]
[EventDate "2019.08.19"]
[EventType "swiss"]
[EventCountry "SWE"]
[SourceTitle "playchess.com"]
[Source "ChessBase"]
[SourceQuality "1"]
[TimeControl "2700+10"]

1. d4 d6 2. Nf3 Nf6 3. c4 Nbd7 4. Nc3 e5 5. e4 Be7 6. Be2 O-O 7. O-O c6 8. h3 a6 9. a4 a5 10. Be3 Re8 11. Qc2 Qc7 12. d5 b6 13. dxc6 Qxc6 14. Nd5 Bb7 15. Rfc1 Nc5 16. Bxc5 bxc5 17. Nh2 Rab8 18. Ra3 Ba6 19. Rg3 Qb7 20. b3 Nxd5 21. exd5 Qb4 22. Ng4 Kh8 23. h4 Bc8 24. h5 f5 25. Nh2 Bf6 26. Rh3 Bd7 27. g4 e4 28. gxf5 Bxf5 29. Bg4 Bxg4 30. Nxg4 Bd4 31. Kf1 Rb7 32. Re1 Rbe7 1-0

[Event "Lidkoping Open 2019"]
[Site "Lidkoping"]
[Date "2019.08.25"]
[Round "7.8"]
[White "Mattsson, Michael"]
[Black "Blomstrom, Lars"]
[Result "1-0"]
[ECO "C54"]
[WhiteElo "2011"]
[BlackElo "2132"]
[Annotator "NA"]
[PlyCount "67"]
[EventDate "2019.08.19"]
[EventType "swiss"]
[EventCountry "SWE"]
[SourceTitle "playchess.com"]
[Source "ChessBase"]
[SourceQuality "1"]
[TimeControl "2700+10"]

1. e4 e5 2. Nf3 Nc6 3. Bc4 Bc5 4. O-O Nf6 5. c3 Nxe4 6. d4 Bb6 7. d5 Nd6 8. dxc6 Nxc4 9. Qd5 Nd6 10. Qxe5+ Kf8 11. a4 a5 12. cxd7 Bxd7 13. Be3 Bxe3 14. Qxe3 b6 15. Ne5 f6 16. Nxd7+ Qxd7 17. Qd4 Qe6 18. Nd2 Re8 19. b4 Qe5 20. Nf3 Qxd4 21. Nxd4 Nc4 22. Rfd1 Kf7 23. Nb5 Re7 24. Rd4 Rhe8 25. h3 Ne5 26. f4 Ng6 27. Rc4 Re2 28. Rxc7+ Kg8 29. Nd6 R8e3 30. Nf5 Rd3 31. Rc8+ Kf7 32. Rc7+ Kg8 33. Nd4 Re4 34. f5 1-0

[Event "Lidkoping Open 2019"]
[Site "Lidkoping"]
[Date "2019.08.25"]
[Round "7.9"]
[White "Kleimark, Anders"]
[Black "Andersson, Kjell-Ake"]
[Result "1-0"]
[ECO "E11"]
[WhiteElo "2016"]
[BlackElo "1922"]
[Annotator "NA"]
[PlyCount "41"]
[EventDate "2019.08.19"]
[EventType "swiss"]
[EventCountry "SWE"]
[SourceTitle "playchess.com"]
[Source "ChessBase"]
[SourceQuality "1"]
[TimeControl "2700+10"]

1. d4 Nf6 2. c4 e6 3. g3 Bb4+ 4. Bd2 Qe7 5. Nf3 Nc6 6. Nc3 O-O 7. Bg2 d6 8. d5 Nb8 9. O-O e5 10. Qc2 a5 11. Nh4 Na6 12. a3 Bxc3 13. Bxc3 b6 14. b4 axb4 15. axb4 Bb7 16. Nf5 Qe8 17. f4 Nd7 18. fxe5 Nxe5 19. Qe4 Rd8 20. Qh4 Ng6 21. Qh6 1-0

[Event "Lidkoping Open 2019"]
[Site "Lidkoping"]
[Date "2019.08.25"]
[Round "7.10"]
[White "Madebrink, Lars"]
[Black "Magnussen, Pal"]
[Result "1-0"]
[ECO "B38"]
[WhiteElo "2147"]
[BlackElo "1983"]
[Annotator "NA"]
[PlyCount "129"]
[EventDate "2019.08.19"]
[EventType "swiss"]
[EventCountry "SWE"]
[SourceTitle "playchess.com"]
[Source "ChessBase"]
[SourceQuality "1"]
[TimeControl "2700+10"]

1. Nf3 Nf6 2. c4 c5 3. Nc3 Nc6 4. d4 cxd4 5. Nxd4 g6 6. Nc2 Bg7 7. e4 d6 8. Be2 O-O 9. O-O Bd7 10. Be3 Ne5 11. f3 a6 12. b3 Rc8 13. Qd2 Qc7 14. Nb4 Nc6 15. Nbd5 Nxd5 16. Nxd5 Qb8 17. Rac1 Be6 18. Nb6 Rcd8 19. Rfd1 f5 20. exf5 Rxf5 21. Nd5 Rf7 22. Kh1 Ne5 23. Qa5 Rc8 24. Bg5 Nc6 25. Qd2 Re8 26. Bf1 Ne5 27. Re1 Bf5 28. f4 Nc6 29. h3 h6 30. Bh4 e5 31. Bg3 Kh7 32. Rcd1 Nd4 33. fxe5 dxe5 34. Ne3 Qc8 35. Nxf5 Nxf5 36. Bf2 e4 37. Qd5 Rfe7 38. g4 e3 39. gxf5 exf2 40. fxg6+ Kh8 41. Rxe7 Rxe7 42. Qd8+ Re8 43. Qxc8 Rxc8 44. Kg2 Be5 45. Rd7 Rc7 46. Rd8+ Kg7 47. Bd3 Bf6 48. Rd5 Bh4 49. c5 Re7 50. b4 Kf6 51. Rh5 Bg5 52. h4 Be3 53. Rd5 Kg7 54. h5 Kf6 55. a4 Rc7 56. Rd6+ Kg7 57. Kf3 Re7 58. c6 bxc6 59. Rxc6 Bd2 60. Kxf2 Bxb4 61. Bxa6 Re5 62. Rc7+ Be7 63. Be2 Kg8 64. Kf3 Bd6 65. Bc4+ 1-0

[Event "Lidkoping Open 2019"]
[Site "Lidkoping"]
[Date "2019.08.25"]
[Round "7.11"]
[White "Nyberg, Arne"]
[Black "Ask, Josef"]
[Result "1/2-1/2"]
[ECO "B16"]
[WhiteElo "1967"]
[BlackElo "2136"]
[Annotator "ChessBase"]
[PlyCount "106"]
[EventDate "2019.08.19"]
[EventType "swiss"]
[EventCountry "SWE"]
[SourceTitle "playchess.com"]
[Source "ChessBase"]
[SourceQuality "1"]
[TimeControl "2700+10"]

1. e4 c6 2. d4 d5 3. Nc3 dxe4 4. Nxe4 Nf6 5. Nxf6+ gxf6 6. Bc4 Bf5 7. Ne2 e6 8. Ng3 Bg6 9. c3 h5 10. h4 Bd6 11. Qf3 Nd7 12. Ne4 Bxe4 13. Qxe4 Qc7 14. Qe2 O-O-O 15. Be3 Rdg8 16. g3 Rg4 17. O-O-O f5 18. Kb1 Rhg8 19. Qc2 f4 20. gxf4 Bxf4 21. Be2 Rg2 22. Bf3 R2g7 23. Bxh5 Nb6 24. Bf3 Nc4 25. Qe2 Nxe3 26. fxe3 Bh6 27. Qf2 Qg3 28. Qxg3 Rxg3 29. Bh5 R8g7 30. e4 Re3 31. Rde1 Kd7 32. e5 Ke7 33. Rxe3 Bxe3 34. Rf1 Rh7 35. Rf3 Bd2 36. Kc2 Be1 37. Rf1 Bxh4 38. Bf3 Bg5 39. Rh1 Bh4 40. Kd3 f6 41. exf6+ Kxf6 42. a4 Kg5 43. b4 Kf4 44. Bd1 Kg3 45. Bb3 Re7 46. Re1 e5 47. Rxe5 Rxe5 48. dxe5 Kf4 49. e6 Ke5 50. a5 a6 51. Bc4 Be7 52. Bb3 Bf8 53. Ba2 Be7 1/2-1/2

[Event "Lidkoping Open 2019"]
[Site "Lidkoping"]
[Date "2019.08.25"]
[Round "7.12"]
[White "Pavlic, Oliver"]
[Black "Lind, Jan-Olov"]
[Result "0-1"]
[ECO "E91"]
[WhiteElo "1856"]
[BlackElo "2164"]
[Annotator "NA"]
[PlyCount "98"]
[EventDate "2019.08.19"]
[EventType "swiss"]
[EventCountry "SWE"]
[SourceTitle "playchess.com"]
[Source "ChessBase"]
[SourceQuality "1"]
[TimeControl "2700+10"]

1. d4 g6 2. c4 Bg7 3. e4 c5 4. d5 d6 5. Nc3 Nf6 6. Nf3 O-O 7. Be2 e6 8. h3 exd5 9. cxd5 Re8 10. Nd2 Na6 11. O-O Nc7 12. a4 Na6 13. Re1 Nb4 14. Bf1 Nh5 15. Na2 Nxa2 16. Rxa2 Nf6 17. Ra3 a6 18. Rae3 Bh6 19. Ra3 Bd7 20. f3 b5 21. axb5 axb5 22. Rxa8 Qxa8 23. Nb1 Bg7 24. Na3 Qb7 25. Bf4 Qb6 26. Bg3 Nh5 27. Bf2 Bxb2 28. Nxb5 Bxb5 29. Qb3 Bd4 30. Bxd4 cxd4 31. Qxb5 Qxb5 32. Bxb5 Rb8 33. Bf1 Rb3 34. Rd1 Rb4 35. Rc1 Kg7 36. Rc4 Rxc4 37. Bxc4 Kf6 38. Kf2 Ke5 39. g3 g5 40. Bd3 h6 41. Bc4 Nf6 42. Bd3 Nd7 43. Ke2 h5 44. Bb5 Nf6 45. Bd3 h4 46. g4 Kf4 47. Kf2 Nd7 48. Bb5 Ne5 49. Be2 f6 0-1

[Event "Lidkoping Open 2019"]
[Site "Lidkoping"]
[Date "2019.08.25"]
[Round "7.13"]
[White "Bergre, Joachim"]
[Black "Andersen, Dag"]
[Result "1/2-1/2"]
[ECO "E17"]
[WhiteElo "1928"]
[BlackElo "1873"]
[Annotator "NA"]
[PlyCount "53"]
[EventDate "2019.08.19"]
[EventType "swiss"]
[EventCountry "SWE"]
[SourceTitle "playchess.com"]
[Source "ChessBase"]
[SourceQuality "1"]
[TimeControl "2700+10"]

1. Nf3 d5 2. d4 Nf6 3. g3 e6 4. Bg2 Be7 5. O-O O-O 6. c4 b6 7. b3 Bb7 8. Bb2 Nbd7 9. Nbd2 c5 10. Rc1 Rc8 11. Re1 Re8 12. e3 Bf8 13. Ne5 cxd4 14. exd4 Nxe5 15. dxe5 Nd7 16. cxd5 Rxc1 17. Qxc1 Bxd5 18. Nc4 Bxg2 19. Kxg2 Qa8+ 20. f3 Rc8 21. Qd2 Nc5 22. Rd1 h6 23. Qd4 Rc7 24. Qd8 Rc8 25. Qd4 Rc7 26. Qd8 Rc8 27. Qd4 1/2-1/2

[Event "Lidkoping Open 2019"]
[Site "Lidkoping"]
[Date "2019.08.25"]
[Round "7.14"]
[White "Olofsson, Hans-Erik"]
[Black "Nordstrom, Felix"]
[Result "1-0"]
[ECO "B41"]
[WhiteElo "1898"]
[BlackElo "2060"]
[Annotator "NA"]
[PlyCount "115"]
[EventDate "2019.08.19"]
[EventType "swiss"]
[EventCountry "SWE"]
[SourceTitle "playchess.com"]
[Source "ChessBase"]
[SourceQuality "1"]
[TimeControl "2700+10"]

1. e4 c5 2. Nf3 e6 3. d4 cxd4 4. Nxd4 a6 5. c4 Nf6 6. f3 Nc6 7. Nc3 Bb4 8. a3 Bxc3+ 9. bxc3 Qc7 10. Be2 d6 11. Be3 O-O 12. O-O Bd7 13. Bg5 Ne8 14. Bh4 f6 15. Kh1 Ne5 16. Qb3 Rc8 17. Rfc1 Nxc4 18. Bxc4 Qxc4 19. Qxb7 Rf7 20. Qb4 e5 21. Qxc4 Rxc4 22. Nb3 Be6 23. Nd2 Rc6 24. Nf1 Rfc7 25. Be1 d5 26. exd5 Bxd5 27. Ne3 Be6 28. a4 Kf7 29. Kg1 Nd6 30. Ra3 Nb7 31. Kf2 Nc5 32. Ke2 f5 33. Rb1 Kf6 34. Bd2 Rb7 35. Rxb7 Nxb7 36. Ra1 Nc5 37. Ra3 Bb3 38. a5 Be6 39. c4 h5 40. Rc3 Nb7 41. Rb3 Nc5 42. Rb6 Rxb6 43. axb6 f4 44. Nd5+ Bxd5 45. cxd5 g5 46. Bb4 Nb7 47. Kd3 a5 48. Ba3 g4 49. Kc4 h4 50. fxg4 h3 51. gxh3 f3 52. Kd3 e4+ 53. Ke3 Ke5 54. h4 Kxd5 55. h5 Ke6 56. h6 Kf6 57. g5+ Kg6 58. h4 1-0